Map: Avalon Labs

Players

MrKokkus

  • Race: Zerg Zerg
  • Spawn Location: 12:00

ZaK

  • Race: Terran Terran
  • Spawn Location: 12:00

BobZilla

  • Race: Terran Terran
  • Spawn Location: 11:00

Rugi

  • Race: Zerg Zerg
  • League: Diamond
  • Spawn Location: 5:00

Myran

  • Race: Protoss Protoss
  • Spawn Location: 6:00

Loken

  • Race: Zerg Zerg
  • Spawn Location: 6:00

VOD

Have the link to the VOD?

Description

Time

  • Played on: March 9, 2017, 6:45 p.m.
  • Length: 18:37
Show
View Real Time Build Order
Export as new Build Order

MrKokkus Zerg 

Build Orders: Hatch First, Roach Nydus 

Get SALT Encoding   

  12  0:01  Drone  
  13  0:12  Overlord  
  13  0:17  Drone  
  14  0:30  Drone x2  
  14  0:34  Drone  
  17  0:48  Drone  
  18  1:01  Hatchery  
  18  1:04  Extractor  
  16  1:13  Spawning Pool  
  16  1:14  Drone  
  16  1:17  Drone  
  17  1:20  Drone  
  18  1:29  Drone  
  19  1:39  Overlord  
  19  1:56  Drone  
  20  2:02  Queen  
  20  2:03  Roach Warren  
  20  2:07  Drone  
  22  2:14  Queen  
  24  2:16  Drone  
  24  2:17  Drone  
  24  2:21  Drone  
  27  2:26  Drone  
  28  2:33  Drone  
  28  2:36  Drone  
  30  2:40  Lair  
  30  2:46  Drone x2  
  32  2:55  Overlord  
  32  3:01  Evolution Chamber  
  32  3:03  Roach  
  33  3:09  Roach  
  33  3:12  Overlord  
  35  3:17  Roach x3  
  41  3:36  Drone x3, Extractor  
  41  3:38  Roach x3  
  49  3:50  Extractor  
  48  3:55  Zerg Missile Weapons Level 1  
  48  3:58  Drone x3  
  51  4:05  Drone  
  51  4:08  Spore Crawler  
  51  4:11  Overlord x2  
  51  4:12  Spore Crawler  
  50  4:17  Queen  
  50  4:21  Glial Reconstitution  
  52  4:30  Ravager  
  53  4:36  Extractor  
  53  4:37  Drone x3  
  55  4:46  Ravager  
  55  4:47  Ravager  
  57  5:14  Roach  
  57  5:15  Roach  
  57  5:16  Roach x3  
  67  5:21  Overseer  
  67  5:31  Queen  
  67  5:32  Nydus Network, Overlord x3  
  68  5:52  Queen  
  68  5:54  Roach x5  
  80  6:02  Zerg Missile Weapons Level 2  
  80  6:22  Nydus Canal  
  80  6:35  Roach  
  80  6:36  Roach x5  
  78  7:18  Roach  
  78  7:20  Roach  
  78  7:21  Roach x4  
  77  7:27  Roach  
  67  7:33  Roach  
  69  7:49  Infestation Pit  
  68  7:52  Spore Crawler  
  68  7:57  Spore Crawler x2  
  65  8:00  Spore Crawler x2  
  65  8:03  Spore Crawler  
  62  8:06  Spore Crawler  
  62  8:09  Drone x6  
  67  8:18  Zerg Ground Armor Level 1  
  67  8:19  Roach  
  69  8:40  Roach  
  69  8:41  Roach x3  
  77  8:54  Roach  
  77  8:55  Roach x2  
  83  9:06  Queen  
  85  9:21  Pathogen Glands  
  85  9:28  Drone x5  
  90  9:49  Pneumatized Carapace  
  90  10:01  Roach  
  90  10:04  Overlord  
  90  10:05  Overlord x3  
  92  10:19  Zerg Ground Armor Level 2  
  92  10:28  Nydus Canal  
  92  10:32  Roach x3  
  92  10:33  Roach x2  
  88  11:11  Roach x2  
  88  11:12  Roach x8  
  102  11:49  Infestor x4  
  102  11:50  Infestor x3  
  116  11:54  Burrow  
  116  12:02  Overlord  
  116  12:03  Overlord  
  116  12:21  Ravager  
  116  12:22  Ravager  
  118  12:23  Ravager  
  118  12:24  Ravager  
  118  12:26  Overlord  
  120  12:36  Roach  
  124  12:37  Roach x5  
  132  13:26  Overseer  
  132  13:27  Overseer  
  132  13:34  Hatchery  
  132  13:39  Roach x4  
  138  14:39  Hydralisk Den  
  138  14:40  Spore Crawler  
  138  14:42  Spore Crawler  
  138  14:44  Spore Crawler  
  134  14:47  Extractor  
  134  14:48  Extractor  
  108  16:02  Infestor  
  108  16:03  Infestor x15  
  136  16:09  Ravager  
  141  16:29  Ravager  
  141  16:30  Overlord  
  141  16:31  Overlord x2  
  142  16:40  Drone x3  
  142  16:41  Drone  
  146  16:49  Overlord x2  
  144  17:37  Roach  
  144  17:38  Roach x7  
  152  18:15  Spore Crawler  
  152  18:16  Spore Crawler x2  
  152  18:17  Spore Crawler  
  152  18:19  Spore Crawler  
Show
View Real Time Build Order
Export as new Build Order

ZaK Terran 

Build Orders: Command Center First (CC) 

Get SALT Encoding   

  12  0:02  SCV  
  13  0:18  SCV, Supply Depot  
  14  0:30  SCV  
  15  0:42  SCV  
  16  0:54  SCV  
  17  1:06  SCV  
  18  1:16  Command Center  
  18  1:18  SCV  
  19  1:30  SCV  
  20  1:42  SCV  
  21  1:54  Command Center  
  21  1:57  SCV  
  22  2:11  Barracks  
  22  2:14  Barracks  
  22  2:16  SCV  
  23  2:23  Refinery  
  23  2:27  Refinery  
  23  2:28  SCV  
  24  2:38  SCV  
  25  2:49  Engineering Bay  
  25  2:50  SCV  
  26  2:53  SCV  
  27  3:06  SCV x3  
  27  3:12  Refinery  
  30  3:13  Refinery  
  30  3:20  Marine  
  31  3:34  Missile Turret  
  31  3:35  Missile Turret  
  31  3:39  SCV, Missile Turret  
  33  3:41  SCV  
  33  3:44  SCV  
  34  3:55  Missile Turret  
  34  4:00  SCV x3  
  37  4:10  Factory  
  37  4:12  SCV  
  37  4:16  Missile Turret  
  38  4:18  SCV  
  38  4:21  SCV  
  40  4:32  Factory  
  40  4:33  SCV  
  40  4:34  SCV  
  42  4:43  Missile Turret, SCV  
  43  4:48  SCV x2  
  45  4:56  Armory  
  45  4:57  Factory Tech Lab  
  45  4:59  SCV  
  46  5:07  Missile Turret, SCV x2  
  48  5:15  SCV  
  48  5:17  Factory, Factory Tech Lab  
  49  5:23  Factory  
  49  5:25  SCV  
  50  5:30  SCV x2  
  52  5:39  Refinery  
  52  5:40  Refinery  
  52  5:42  Orbital Command  
  52  5:44  Orbital Command  
  52  5:50  Orbital Command  
  52  6:00  Armory  
  52  6:04  Armory  
  52  6:08  Factory Tech Lab  
  52  6:10  Factory Tech Lab  
  52  6:18  Supply Depot x2  
  52  6:20  Terran Vehicle Weapons Level 1  
  52  6:22  Supply Depot  
  52  6:31  Starport  
  52  6:35  Starport  
  52  6:37  Starport  
  52  6:45  Thor  
  58  6:56  Terran Ship Weapons Level 1  
  58  7:04  Thor  
  64  7:13  Thor  
  70  7:18  Starport Reactor  
  70  7:19  Starport Tech Lab, Starport Reactor  
  69  7:23  Missile Turret  
  69  7:24  Missile Turret  
  69  7:37  Thor  
  69  7:44  Viking  
  77  7:55  Missile Turret  
  77  7:58  Command Center  
  77  8:01  Missile Turret  
  77  8:06  Supply Depot  
  77  8:14  Terran Vehicle And Ship Armor Level 1  
  77  8:17  Command Center  
  76  8:25  Missile Turret x2  
  76  8:28  Viking x3  
  76  8:32  Missile Turret  
  73  8:54  Viking x2  
  77  8:58  Viking  
  78  9:03  Viking x2  
  78  9:07  Supply Depot  
  82  9:17  Terran Ship Weapons Level 2  
  82  9:19  Terran Vehicle Weapons Level 2  
  77  9:37  Missile Turret x3  
  77  9:44  Orbital Command  
  77  9:46  Missile Turret  
  77  9:50  Hi-Sec Auto Tracking  
  77  10:01  Missile Turret  
  77  10:05  Missile Turret x2  
  77  10:07  Missile Turret  
  77  10:08  Missile Turret x2  
  77  10:11  Starport Tech Lab  
  77  10:17  Liberator x3, Thor  
  83  10:21  Thor  
  98  10:59  Supply Depot  
  98  11:21  Supply Depot  
  98  11:22  Supply Depot  
  98  11:23  Liberator x2  
  98  11:24  Liberator  
  98  11:32  Hellbat  
  100  11:41  Hellbat  
  100  11:42  Hellbat x2, Terran Vehicle Weapons Level 3  
  100  11:44  Terran Vehicle And Ship Armor Level 2  
  115  11:54  Hellbat  
  114  12:02  Hellbat  
  114  12:04  Viking x2  
  120  12:11  Thor  
  125  12:23  Viking  
  125  12:29  Terran Ship Weapons Level 3  
  127  12:39  Supply Depot  
  127  12:48  Orbital Command  
  127  12:50  Barracks  
  127  13:18  Supply Depot  
  127  13:33  Supply Depot  
  127  13:34  Liberator  
  127  13:35  Supply Depot  
  127  13:36  Supply Depot  
  127  13:37  Liberator x2, Hellbat  
  127  13:38  Hellbat  
  127  13:40  Hellbat x2  
  127  13:41  Orbital Command  
  144  14:12  Siege Tank  
  144  14:13  Siege Tank x2  
  144  14:16  Hellbat  
  155  14:27  Supply Depot  
  155  14:49  Thor x2  
  139  15:32  Thor x2  
  139  15:35  Liberator x2  
  155  16:09  Hellbat  
  157  16:39  Hellbat  
  156  16:45  Hellbat  
  90  17:08  Thor x2  
  88  17:32  Viking x4  
Show
View Real Time Build Order
Export as new Build Order

BobZilla Terran 

Build Orders: MMM Bio 

Get SALT Encoding   

  12  0:01  SCV  
  13  0:13  SCV  
  14  0:22  Supply Depot  
  14  0:25  SCV  
  15  0:44  SCV  
  15  0:45  Barracks  
  16  1:00  SCV  
  17  1:14  Command Center  
  18  1:18  SCV  
  18  1:30  SCV  
  19  1:37  Supply Depot  
  19  1:38  Marine  
  20  1:44  SCV  
  20  1:46  Refinery  
  21  1:48  Refinery  
  21  1:57  Marine  
  21  2:00  Orbital Command  
  22  2:15  Marine  
  23  2:32  Orbital Command  
  23  2:33  Marine  
  24  2:49  SCV  
  24  2:51  Marine  
  26  2:52  Engineering Bay  
  26  3:01  SCV  
  26  3:04  SCV  
  28  3:09  Marine  
  28  3:10  Factory  
  29  3:26  Marine  
  30  3:29  SCV  
  31  3:37  Terran Infantry Weapons Level 1  
  31  3:38  SCV  
  32  3:43  SCV, Barracks  
  32  3:46  Supply Depot  
  33  3:50  Refinery  
  33  3:51  SCV  
  33  3:55  SCV  
  35  3:59  Barracks Tech Lab  
  35  4:01  Factory Tech Lab  
  35  4:03  SCV  
  35  4:05  Starport  
  35  4:07  SCV  
  35  4:09  Engineering Bay  
  37  4:13  Supply Depot  
  37  4:18  Marauder  
  37  4:19  SCV, Stimpack  
  40  4:27  Supply Depot  
  40  4:29  Siege Tank  
  43  4:32  SCV x2  
  45  4:38  Refinery  
  45  4:45  Missile Turret  
  45  4:51  Barracks Reactor, Missile Turret  
  45  4:58  Barracks  
  45  5:00  Marauder  
  45  5:03  SCV  
  48  5:09  Starport Reactor  
  48  5:12  Supply Depot  
  48  5:21  SCV  
  49  5:23  Terran Infantry Armor Level 1  
  49  5:25  SCV  
  50  5:36  SCV  
  50  5:42  Marine x2  
  52  5:43  Marauder  
  52  5:46  Medivac x2  
  52  5:48  Siege Tank  
  62  5:52  Armory  
  62  5:57  SCV x2, Supply Depot  
  63  6:02  Supply Depot  
  63  6:03  Marine x2  
  67  6:06  Barracks Reactor  
  66  6:15  SCV  
  66  6:16  Viking, Medivac  
  71  6:19  SCV, Marine  
  71  6:20  Marine  
  71  6:21  Marine, Combat Shields  
  75  6:31  SCV  
  76  6:36  Marine  
  76  6:38  Marine  
  78  6:55  Marauder  
  78  6:57  SCV x2  
  82  7:19  Siege Tank  
  82  7:20  Command Center  
  85  7:32  Marine  
  85  7:33  Marauder, Marine  
  89  7:40  Marine x2  
  91  7:50  Marine x2  
  91  7:54  Marine  
  91  7:58  Marine x2  
  94  8:20  Terran Infantry Weapons Level 2  
  94  8:21  Terran Infantry Armor Level 2, Marine x4  
  94  8:22  Marauder  
  100  8:29  Supply Depot  
  100  8:30  Supply Depot  
  100  8:33  Refinery  
  100  8:43  Marauder  
  102  8:50  Marine x2  
  102  8:51  Marine x2  
  106  8:57  Missile Turret, Supply Depot  
  100  9:05  Marauder  
  100  9:08  Marine x3  
  100  9:09  Marine  
  92  9:23  Missile Turret  
  92  9:24  SCV x3  
  95  9:25  Marine  
  95  9:26  Marine  
  95  9:28  Marine x3  
  100  9:36  SCV  
  100  9:43  Missile Turret  
  100  9:44  Marauder  
  100  9:45  Marine x2  
  102  9:46  Missile Turret, Marine x2  
  102  9:51  Medivac  
  102  9:52  Medivac  
  110  9:58  SCV x2, Supply Depot  
  112  10:05  Marauder  
  114  10:08  Missile Turret  
  114  10:19  Marine x2  
  114  10:20  Marine  
  114  10:21  Marine, Medivac x2  
  118  10:27  Marauder  
  122  10:31  Missile Turret  
  120  10:48  Marauder  
  114  11:09  Marauder  
  114  11:10  Marine x4  
  120  11:12  SCV  
  120  11:13  SCV  
  120  11:16  Orbital Command  
  122  11:21  Medivac x2  
  126  11:28  Marine x4  
  126  11:31  Marauder  
  132  11:46  Marine x3  
  135  11:52  Marauder  
  107  11:57  Marine  
  77  12:03  Marine  
  77  12:04  Marine x2  
  80  12:14  Marauder  
  80  12:15  Marine  
  83  12:21  Marine x2  
  83  12:22  Marine  
  79  12:30  Orbital Command  
  79  12:32  Marine  
  79  12:35  Marauder  
  62  12:39  Marine x2  
  62  12:40  Marine  
  48  12:50  Marine  
  49  12:56  Marauder, SCV x3  
  49  12:57  Marine x3  
  57  13:08  SCV x2, Marine  
  57  13:10  SCV  
  61  13:15  Marine x3  
  61  13:18  Marauder  
  66  13:20  SCV x2  
  66  13:22  Viking, Medivac  
  72  13:30  Terran Infantry Weapons Level 3, Barracks  
  72  13:31  Terran Infantry Armor Level 3  
  72  13:39  Marauder  
  72  13:40  Supply Depot  
  74  13:43  SCV x3  
  74  13:47  Marine x4  
  81  13:52  Medivac x2  
  81  13:55  SCV  
  86  14:00  Marauder  
  88  14:04  Marine  
  88  14:05  Marine x3  
  92  14:13  Barracks  
  92  14:19  SCV x2  
  92  14:20  SCV  
  92  14:22  Marauder, Medivac x2  
  92  14:23  Marine x4  
  92  14:24  Marine  
  106  14:30  Terran Vehicle And Ship Armor Level 1  
  106  14:31  SCV  
  106  14:32  SCV  
  108  14:41  Marine x5  
  108  14:43  Marauder  
  126  14:52  Medivac x2  
  115  14:58  Marine  
  115  14:59  Marine x3  
  103  15:05  Marauder  
  104  15:07  Marine x2  
  105  15:16  Marine x2  
  107  15:23  Marine x2  
  107  15:25  Marine x2  
  107  15:26  Marauder  
  109  15:34  Marine x2  
  106  15:41  Marine x2  
  106  15:42  Marine x2  
  107  15:47  Marauder  
  111  15:52  Marine x2  
  113  15:58  Marine  
  113  15:59  Marine  
  113  16:00  Marine  
  116  16:09  Marauder  
  116  16:15  Marine x3  
  116  16:16  Marine  
  120  16:30  Marauder  
  120  16:42  Marine x5  
  120  16:43  Marine  
  125  16:52  Marauder  
  127  17:00  Marine x6  
  123  17:13  Marauder  
  125  17:17  Marine x2  
  125  17:18  Marine x4  
  121  17:34  Marauder  
  121  17:35  Marine x3  
  121  17:36  Marine x3  
  84  17:53  Marine x2  
  84  17:54  Marine  
  84  17:55  Marine  
  84  17:56  Marauder  
  91  18:09  Barracks Tech Lab  
  91  18:11  Marine x2, Barracks Tech Lab  
  91  18:12  Marine x2  
  91  18:19  SCV  
Show
View Real Time Build Order
Export as new Build Order

Rugi Zerg 

Build Orders: Hatch First, Muta Ling Bane 

Get SALT Encoding   

  12  0:00  Drone  
  13  0:13  Overlord  
  13  0:17  Drone  
  14  0:31  Drone  
  14  0:32  Drone  
  16  0:36  Drone  
  17  0:55  Hatchery, Drone  
  17  0:59  Drone  
  17  1:01  Extractor  
  17  1:07  Drone  
  18  1:16  Spawning Pool  
  17  1:19  Drone  
  18  1:28  Drone  
  19  1:39  Overlord  
  19  2:03  Metabolic Boost  
  19  2:04  Zergling x4  
  19  2:05  Queen  
  19  2:07  Queen  
  25  2:08  Zergling x2  
  25  2:11  Drone  
  27  2:18  Drone  
  27  2:22  Drone  
  29  2:29  Drone  
  30  2:33  Drone  
  31  2:39  Drone  
  32  2:45  Queen  
  32  2:46  Queen  
  32  2:49  Overlord  
  36  3:05  Hatchery  
  36  3:06  Drone  
  36  3:08  Drone  
  36  3:10  Drone  
  38  3:15  Drone x2  
  40  3:20  Overlord  
  40  3:23  Drone  
  40  3:24  Drone  
  42  3:31  Extractor  
  42  3:33  Drone x2  
  43  3:38  Baneling Nest  
  43  3:39  Drone x2  
  43  3:40  Drone  
  45  3:44  Drone  
  47  3:48  Drone x2  
  47  3:50  Drone  
  47  3:55  Drone x2  
  51  4:00  Overlord  
  51  4:07  Drone  
  52  4:10  Lair, Extractor  
  52  4:11  Drone  
  52  4:13  Extractor, Overlord  
  52  4:16  Drone  
  52  4:17  Drone  
  52  4:18  Drone x2  
  52  4:22  Drone  
  52  4:23  Zergling x2  
  52  4:24  Zergling x2  
  58  4:33  Drone x2  
  58  4:34  Drone  
  61  4:42  Drone  
  61  4:43  Drone x2  
  64  4:51  Drone  
  64  4:52  Drone x5  
  70  4:53  Overlord  
  70  4:59  Evolution Chamber x2  
  68  5:00  Queen  
  70  5:09  Drone x4  
  70  5:12  Extractor  
  70  5:13  Extractor, Spore Crawler  
  71  5:15  Spine Crawler  
  71  5:19  Drone  
  71  5:20  Spire  
  71  5:21  Drone  
  71  5:24  Drone  
  72  5:41  Drone x3  
  75  5:47  Zerg Melee Weapons Level 1  
  75  5:48  Centrifical Hooks, Zerg Ground Armor Level 1  
  75  5:49  Overseer  
  75  5:51  Zergling x12  
  81  6:01  Hatchery  
  80  6:05  Queen  
  82  6:14  Overlord x4  
  82  6:24  Overlord x2  
  82  6:31  Baneling x5  
  82  6:40  Mutalisk x7  
  82  6:42  Mutalisk  
  93  6:54  Mutalisk x4  
  93  6:56  Mutalisk  
  99  7:04  Mutalisk  
  99  7:07  Zergling x10  
  99  7:08  Zergling x2  
  107  7:15  Mutalisk x2  
  107  7:22  Mutalisk  
  113  7:31  Mutalisk x2  
  113  7:36  Hatchery  
  116  7:38  Hatchery  
  116  7:42  Drone x2  
  117  7:48  Hatchery, Zergling x2  
  117  7:49  Zergling x8  
  121  7:56  Baneling x3  
  121  7:57  Baneling x7  
  121  8:05  Zergling x2  
  120  8:06  Zergling x6  
  120  8:08  Overlord  
  119  8:13  Zergling x4  
  119  8:16  Overlord  
  121  8:29  Queen x3  
  121  8:52  Zergling x26  
  134  9:01  Zergling x2  
  134  9:02  Zergling x10  
  130  9:15  Zergling x2  
  130  9:16  Zergling x6  
  130  9:19  Zerg Melee Weapons Level 2  
  130  9:20  Zerg Ground Armor Level 2  
  130  9:23  Drone x3  
  133  9:25  Drone x3  
  136  9:49  Baneling  
  136  9:50  Mutalisk, Baneling x14  
  136  9:51  Mutalisk x2  
  142  9:52  Overlord  
  142  9:53  Overlord  
  142  9:54  Zergling x2  
  142  9:55  Zergling x18  
  142  9:59  Drone  
  153  10:01  Drone x3  
  153  10:06  Overlord x3  
  156  10:09  Extractor  
  156  10:10  Queen  
  156  10:13  Extractor  
  156  10:24  Infestation Pit  
  156  10:26  Zerg Flyer Weapons Level 1  
  155  10:34  Baneling x10  
  155  10:35  Baneling x23  
  155  10:36  Zergling x12  
  155  10:37  Zergling x4  
  155  10:39  Zergling x2  
  155  10:41  Drone x2  
  166  10:46  Unknown x4  
  165  11:10  Hive  
  163  11:16  Drone x3  
  163  11:17  Drone  
  167  11:19  Drone x3, Extractor x2  
  167  11:23  Spine Crawler, Drone  
  167  11:24  Drone x2  
  170  11:27  Spore Crawler  
  170  11:30  Baneling  
  170  11:31  Zergling x2  
  170  11:32  Zergling x36  
  167  11:55  Zergling x16  
  167  11:56  Zergling x14  
  167  12:03  Baneling  
  167  12:04  Baneling x9  
  157  12:36  Corruptor x11  
  169  12:40  Greater Spire  
  169  12:41  Zerg Melee Weapons Level 3, Zerg Ground Armor Level 3  
  169  12:42  Adrenal Glands  
  159  12:47  Drone  
  159  12:49  Extractor  
  159  13:02  Drone x2  
  159  13:05  Drone  
  162  13:13  Overseer, Ultralisk Cavern  
  162  13:14  Overseer  
  162  13:16  Zergling x2  
  162  13:17  Zergling x24  
  162  13:19  Baneling x10  
  174  13:20  Baneling x5  
  174  13:38  Overlord x3  
  174  13:47  Extractor  
  173  13:50  Drone x4  
  177  13:56  Spine Crawler  
  177  13:57  Spine Crawler  
  177  13:58  Drone x4, Spore Crawler  
  178  14:07  Brood Lord x5  
  178  14:08  Brood Lord x4  
  196  14:10  Brood Lord  
  196  14:14  Brood Lord  
  189  15:04  Corruptor x7  
  189  15:05  Corruptor x2  
  198  15:09  Corruptor  
  198  15:14  Corruptor  
  151  15:30  Ultralisk x3  
  151  15:31  Ultralisk x2  
  151  15:33  Chitinous Plating  
  151  15:34  Zergling x10  
  157  15:59  Ultralisk x3  
  157  16:00  Ultralisk  
  176  16:06  Zergling x8  
  176  16:07  Zergling x4  
  182  16:28  Ultralisk  
  176  16:51  Corruptor x6  
  176  16:52  Corruptor x3  
  147  16:59  Ultralisk  
  134  17:10  Hatchery  
  133  17:16  Queen  
  133  17:19  Baneling x8  
  100  17:34  Ultralisk x2  
  100  17:36  Zergling x4  
  75  17:54  Zergling x4  
  75  17:55  Zergling x10  
  77  18:04  Corruptor  
Show
View Real Time Build Order
Export as new Build Order

Myran Protoss 

Build Orders:  

Get SALT Encoding   

  12  0:03  Probe (Chrono Boost)  
  14  0:14  Probe (Chrono Boost)  
  14  0:23  Pylon  
  14  0:25  Probe (Chrono Boost)  
  15  0:41  Probe (Chrono Boost)  
  16  0:52  Probe (Chrono Boost)  
  16  0:53  Gateway  
  17  1:02  Probe (Chrono Boost)  
  18  1:13  Forge, Probe (Chrono Boost)  
  18  1:17  Pylon  
  19  1:20  Assimilator  
  19  1:23  Probe (Chrono Boost)  
  19  1:24  Assimilator  
  20  1:35  Probe (Chrono Boost)  
  21  1:47  Cybernetics Core  
  21  1:53  Probe (Chrono Boost)  
  22  1:58  Zealot  
  24  2:05  Probe (Chrono Boost)  
  26  2:17  Probe (Chrono Boost)  
  26  2:21  Zealot  
  29  2:37  Probe (Chrono Boost)  
  29  2:41  Nexus  
  29  2:44  Stalker  
  29  2:49  Pylon  
  31  3:00  Pylon  
  31  3:04  Pylon  
  31  3:05  Warp Gate  
  31  3:08  Probe (Chrono Boost)  
  31  3:10  Stalker  
  32  3:19  Gateway  
  34  3:34  Pylon  
  34  3:43  Photon Cannon  
  34  3:46  Assimilator  
  34  3:47  Probe (Chrono Boost)  
  35  3:52  Assimilator  
  35  3:54  Stalker  
  37  3:58  Probe (Chrono Boost)  
  38  4:09  Adept, Probe (Chrono Boost)  
  41  4:18  Probe (Chrono Boost)  
  41  4:19  Probe (Chrono Boost)  
  43  4:29  Probe (Chrono Boost)  
  45  4:31  Probe (Chrono Boost)  
  45  4:32  Protoss Shields Level 1, Zealot  
  47  4:39  Probe (Chrono Boost)  
  48  4:50  Probe (Chrono Boost)  
  48  4:52  Stalker  
  51  4:55  Probe (Chrono Boost)  
  52  5:00  Probe (Chrono Boost)  
  54  5:07  Probe (Chrono Boost)  
  54  5:11  Photon Cannon, Probe (Chrono Boost)  
  55  5:18  Pylon  
  55  5:22  Pylon  
  55  5:25  Pylon  
  55  5:29  Probe (Chrono Boost)  
  56  5:40  Probe (Chrono Boost)  
  56  5:42  Gateway x2  
  57  5:45  Gateway  
  57  5:56  Pylon  
  57  5:59  Pylon  
  57  6:02  Probe (Chrono Boost)  
  57  6:03  Pylon  
  58  6:07  Pylon  
  58  6:10  Pylon  
  58  6:12  Probe (Chrono Boost)  
  58  6:15  Nexus  
  59  6:23  Probe (Chrono Boost)  
  60  6:33  Probe (Chrono Boost)  
  61  6:44  Probe (Chrono Boost)  
  62  6:51  Stalker x3  
  62  6:52  Stalker x2  
  64  7:33  Zealot x4  
  64  7:34  Zealot  
  74  7:49  Robotics Facility  
  74  7:53  Twilight Council  
  74  8:00  Stargate  
  74  8:07  Probe (Chrono Boost)  
  76  8:12  Probe (Chrono Boost)  
  76  8:17  Probe (Chrono Boost)  
  76  8:18  Stalker  
  76  8:19  Stalker x2  
  83  8:20  Stalker x2  
  83  8:21  Charge  
  83  8:22  Protoss Shields Level 2  
  83  8:23  Probe (Chrono Boost)  
  88  8:28  Probe (Chrono Boost)  
  89  8:38  Probe (Chrono Boost)  
  90  8:51  Observer  
  91  9:00  Probe x2 (Chrono Boost)  
  93  9:04  Pylon  
  93  9:07  Pylon  
  93  9:09  Pylon  
  93  9:10  Probe (Chrono Boost)  
  93  9:12  Observer  
  93  9:13  Gateway  
  93  9:15  Gateway  
  95  9:18  Gateway x2  
  95  9:21  Probe (Chrono Boost)  
  97  9:31  Probe (Chrono Boost)  
  97  9:33  Stalker  
  97  9:34  Stalker x3, Immortal  
  97  9:35  Stalker  
  97  9:36  Assimilator  
  111  9:39  Assimilator  
  111  9:50  Photon Cannon  
  111  9:52  Photon Cannon  
  111  10:13  Immortal  
  115  10:23  Protoss Ground Weapons Level 1  
  115  10:28  Pylon  
  104  10:52  Immortal  
  108  11:17  Zealot x2  
  108  11:18  Zealot x3  
  118  11:27  Immortal  
  118  11:29  Blink  
  116  12:01  Immortal  
  116  12:02  Protoss Ground Armor Level 1  
  116  12:07  Zealot  
  116  12:08  Zealot x4  
  124  12:09  Zealot  
  124  12:10  Stalker x2  
  124  12:11  Stalker  
  136  12:46  Stalker  
  136  12:47  Stalker x2  
  136  12:48  Zealot x3  
  136  12:49  Zealot  
  150  13:02  Robotics Bay  
  150  13:05  Fleet Beacon  
  150  13:11  Templar Archives  
  150  13:51  Nexus  
  150  14:14  Pylon  
  150  14:16  Pylon  
  150  14:18  Pylon  
  150  14:21  Pylon  
  150  14:23  Pylon  
  56  15:19  Zealot x3  
  56  15:20  Zealot  
  64  15:25  Probe (Chrono Boost)  
  65  15:31  Photon Cannon x2  
  65  15:35  Photon Cannon, Probe (Chrono Boost)  
  66  15:37  Photon Cannon  
  66  15:40  Stalker  
  66  15:41  Stalker x3, Nexus  
  74  15:43  Stalker x3, Colossus  
  74  15:44  Stalker  
  74  15:45  Stalker  
  74  15:46  Probe (Chrono Boost)  
  85  15:52  Psionic Storm  
  85  15:55  Extended Thermal Lance  
  85  15:56  Probe (Chrono Boost)  
  50  16:23  Zealot  
  50  16:24  Zealot x3  
  50  16:25  Zealot x2  
  54  16:26  Zealot x3  
  54  16:30  Colossus  
  36  16:50  Zealot x3  
  36  16:51  Zealot x4  
  36  17:16  Colossus  
  36  17:20  Cybernetics Core  
  36  17:22  Forge  
  36  17:25  Assimilator  
  36  17:27  Probe (Chrono Boost)  
  43  17:31  Assimilator  
  43  17:35  Gravitic Drive  
  43  17:38  Probe (Chrono Boost)  
  44  17:48  Probe (Chrono Boost)  
  45  17:59  Probe (Chrono Boost)  
  46  18:09  Probe (Chrono Boost)  
  53  18:13  Stargate  
  53  18:14  Stargate  
  53  18:17  Stargate  
  53  18:19  Stargate  
  53  18:23  Zealot  
  53  18:24  Zealot x4  
  53  18:25  Zealot x2  
  67  18:27  Probe (Chrono Boost)  
Show
View Real Time Build Order
Export as new Build Order

Loken Zerg 

Build Orders: Hatch First 

Get SALT Encoding   

  12  0:02  Drone  
  13  0:08  Drone  
  14  0:41  Hatchery  
  13  0:43  Drone  
  14  0:50  Overlord  
  14  1:03  Spawning Pool  
  13  1:09  Drone  
  13  1:10  Drone  
  15  1:15  Drone  
  16  1:21  Drone  
  16  1:24  Extractor  
  16  1:34  Drone  
  17  1:51  Queen  
  19  1:54  Queen  
  19  1:59  Drone  
  22  2:07  Drone x3  
  25  2:16  Drone x2  
  25  2:20  Overlord  
  27  2:26  Overlord  
  27  2:37  Extractor  
  27  2:44  Drone  
  27  2:49  Metabolic Boost  
  27  2:52  Drone x4  
  31  3:00  Drone  
  31  3:01  Drone x2  
  31  3:03  Drone  
  31  3:04  Drone x3  
  38  3:25  Lair  
  38  3:28  Extractor  
  38  3:30  Extractor  
  38  3:32  Drone  
  38  3:33  Drone x4  
  41  3:42  Drone  
  41  3:43  Drone x2  
  41  3:45  Overlord x3  
  44  4:16  Pneumatized Carapace  
  44  4:24  Evolution Chamber  
  44  4:28  Overlord  
  44  4:29  Overlord x4  
  44  4:30  Drone  
  46  4:31  Drone x5  
  49  4:45  Hatchery  
  49  4:49  Hatchery  
  47  4:56  Zerg Melee Weapons Level 1  
  47  4:57  Infestation Pit  
  46  5:03  Drone  
  46  5:04  Drone x4  
  46  5:05  Drone x2  
  53  5:24  Zergling x2  
  53  5:25  Zergling x10  
  59  6:04  Queen  
  59  6:06  Queen  
  63  6:12  Spire  
  62  6:23  Zergling x10  
  62  6:24  Zergling x30  
  82  6:29  Hive  
  82  6:40  Burrow  
  41  7:32  Zerg Melee Weapons Level 2  
  41  7:35  Zerg Flyer Weapons Level 1  
  41  7:49  Drone x6  
  47  8:10  Mutalisk  
  47  8:11  Mutalisk x12  
  73  8:16  Zergling x2  
  73  8:17  Zergling x16  
  82  8:30  Neural Parasite  
  82  8:59  Zergling x2  
  82  9:00  Zergling x34  
  82  9:01  Zergling x4  
  94  9:29  Zerg Flyer Armor Level 1  
  88  9:49  Zerg Missile Weapons Level 1  
  88  9:54  Pathogen Glands  
  88  10:03  Ultralisk Cavern  
  87  10:34  Hatchery  
  86  10:36  Hatchery  
  86  10:40  Hatchery  
  84  10:43  Hatchery  
  62  11:04  Zergling x2  
  62  11:05  Zergling x18  
  62  11:06  Zergling x26  
  62  11:07  Zergling x26  
  62  11:08  Zergling x4  
  92  11:23  Zerg Flyer Weapons Level 2  
  92  11:43  Zerg Ground Armor Level 1  
  92  11:57  Drone  
  92  11:58  Drone x6  
  92  11:59  Drone x12  
  61  13:01  Zergling x2  
  61  13:02  Zergling x36  
  61  13:03  Zergling x10  
  85  13:19  Chitinous Plating  
  85  13:27  Evolution Chamber  
  84  13:37  Zerg Melee Weapons Level 3  
  84  13:39  Baneling Nest  
  83  13:45  Roach Warren  
  82  13:56  Zerg Ground Armor Level 2  
  82  14:02  Greater Spire  
  82  14:14  Zergling x2  
  82  14:15  Zergling x26  
  82  14:16  Zergling x26  
  109  14:17  Zergling x2  
  109  14:18  Zergling x10  
  115  14:26  Extractor  
  115  14:28  Extractor  
  113  14:33  Extractor  
  113  14:35  Extractor  
  113  14:37  Extractor  
  110  14:39  Extractor  
  52  15:09  Zergling x8  
  52  15:10  Zergling x30  
  52  15:11  Zergling x10  
  76  15:38  Zerg Flyer Weapons Level 3  
  76  15:40  Glial Reconstitution  
  44  16:12  Mutalisk  
  44  16:13  Mutalisk x16  
  44  16:14  Mutalisk x3  
  44  16:17  Zergling x2  
  44  16:18  Zergling x16  
  68  16:58  Tunneling Claws  
Tags
 
Add a new tag
Caveats
  • Supply blocks, unpowered buildings, or Contaminate may cause inaccurate times.
  • Supply counts are checked every 10 seconds.